 Dungeon Crawl Stone Soup version 0.31-a0-180-g519b7de00c (webtiles) character file.

Game seed: 17136269027983249138

100 qw the Chopper (level 4, -1/28 HPs)
             Began as a Gargoyle Fighter on June 20, 2023.
             Slain by Terence
             ... wielding a +0 falchion
              (6 damage)
             ... on level 3 of the Dungeon.
             The game lasted 00:01:04 (1846 turns).

qw the Chopper (Gargoyle Fighter)                   Turns: 1846, Time: 00:01:04

Health: -1/28      AC: 10    Str: 22    XL:     4   Next: 73%
Magic:  4/4        EV:  9    Int:  8    God:
Gold:   108        SH:  4    Dex:  9    Spells: 3/3 levels left

rFire   + . .        Y - +0 war axe
rCold   + . .        h - +0 buckler {rC+ rF+}
rNeg    + . .        b - +0 scale mail
rPois   inf          (no helmet)
rElec   +            (no cloak)
rCorr   +            (no gloves)
SInv    .            (no boots)
Will    .....        l - amulet of faith Stlth
                     j - ring of resist corrosion
HPRegen 0.24/turn    (no ring)
MPRegen 0.09/turn

%: faith
@: no status effects
A: sickness immunity, AC +3, negative energy resistance 1, electricity
resistance, torment resistance 1, petrification resistance
a: no special abilities


You were on level 3 of the Dungeon.
You visited 1 branch of the dungeon, and saw 3 of its levels.

You collected 108 gold pieces.


Innate Abilities, Weirdness & Mutations

You are immune to sickness and miasma.
Your stone body is resilient. (AC +3)
You are immune to poison.
You resist negative energy. (rN+)
You are resistant to electric shocks. (rElec)
You are resistant to unholy torment.
You are immune to petrification.


   Skills:
 - Level 3.2 Fighting
 - Level 4.3 Axes
 + Level 0.0 Throwing
 - Level 3.2 Armour
 - Level 3.2 Shields


You had 3 spell levels left.
You didn't know any spells.
Your spell library was empty.

Inventory:

Hand Weapons
 m - a +0 mace
 Y - a +0 war axe (weapon)
Missiles
 k - 2 javelins (quivered)
Armour
 b - a +0 scale mail (worn)
 h - a +0 buckler of resistance (worn)
Jewellery
 j - a ring of resist corrosion (left hand)
 l - an amulet of faith (around neck)
Scrolls
 e - 3 scrolls of enchant armour
 f - 3 scrolls of identify
Potions
 a - a potion of lignification {unknown}
 c - a potion of attraction {unknown}
 d - a potion of might
 g - a potion of brilliance {unknown}
 i - a potion of curing {unknown}

Dungeon Overview and Level Annotations

Branches:
Dungeon (3/15)

Altars:
Ru

Shops:
D:1 [

Annotations:
D:3 2 transporters, Terence; qw's ghost, amateur NaHu


Message History

Terence is lightly wounded.
Terence hits you with a +0 falchion.
You closely miss Terence.
Terence is lightly wounded.
Terence closely misses you.
You hit Terence but do no damage.
Terence is lightly wounded.
Terence hits you with a +0 falchion.
The hobgoblin hits you but does no damage.
Terence says, "Did you write a will?
You should..."
Terence closely misses you.
You slash Terence!
Terence is heavily wounded.
You slash the hobgoblin!
You kill the hobgoblin!
Terence hits you but does no damage.
You barely miss Terence.
Terence is heavily wounded.
Terence hits you but does no damage. Terence hits you with a +0 falchion.
You hit Terence.
Terence is severely wounded.
A hobgoblin comes into view.
Terence closely misses you.
The hobgoblin shouts!
You hit Terence.
Terence is severely wounded.
You block Terence's attack.
You barely miss Terence.
Terence is severely wounded.
Terence hits you with a +0 falchion. x2
You hit Terence but do no damage.
Terence is severely wounded.
Terence hits you with a +0 falchion.
You closely miss Terence.
Terence is severely wounded.
You block Terence's attack.
You hit Terence.
Terence is almost dead.
Terence hits you with a +0 falchion.
You die...

#.# ########## #.#
#........# . #.#
#........#
...#####.######........#
..............'........'
.....###.######..#####.#
.... #.# #..#.. ..#
#.g##'######.%#.# #..
#(@@....:.#..#.###.#
......$.......#..#.##...
..###.........#......._.
#..########..##.#...
##.# #..##.##.# #.#
#####....# #####.#
####.. #.....# ##.# ###
#.....## ###...


You could see Terence and a hobgoblin.

Vanquished Creatures
  3 adders (D:2)
  2 worms (D:3)
  2 dart slugs
  5 bats
  3 endoplasms
  2 giant cockroaches
  7 goblins
  6 hobgoblins
  3 jackals (D:1)
  5 kobolds
  4 quokkas
  5 ball pythons
  6 frilled lizards
  4 rats
57 creatures vanquished.

Notes
Turn   | Place    | Note
-------+----------+-------------------------------------------
     0 | D:1      | qw the Gargoyle Fighter began the quest for the Orb.
     0 | D:1      | Reached XP level 1. HP: 14/14 MP: 1/1
     0 | D:1      | 0 ||| qw: Version: 0.3-a-9-g12657ce
     0 | D:1      | 0 ||| qw: Game counter: 1167
     0 | D:1      | 0 ||| qw: Always use a shield: true
     0 | D:1      | 0 ||| qw: God list: Okawaru
     0 | D:1      | 0 ||| qw: Allow faded altars: false
     0 | D:1      | 0 ||| qw: Do Orc after D:15 true
     0 | D:1      | 0 ||| qw: Do second Lair branch before Depths: true
     0 | D:1      | 0 ||| qw: Lair rune preference: random
     0 | D:1      | 0 ||| qw: Plans: Normal, Zot:1-4, Slime:5, God:TSO, Crypt,
                  | Tomb, Abyss, Pan, Hells, Win
     0 | D:1      | 0 ||| PLANNING D:1-11
    13 | D:1      | You fall into a shaft and drop 1 floor!
    27 | D:2      | Reached skill level 2 in Axes
    97 | D:2      | Reached XP level 2. HP: 19/19 MP: 2/2
   271 | D:2      | Reached skill level 3 in Axes
   283 | D:2      | Reached XP level 3. HP: 23/23 MP: 3/3
   415 | D:2      | 415 ||| DROPPING +0 club.
   439 | D:2      | 439 ||| READING 2 scrolls labelled IWAYSHRICVYI.
   440 | D:2      | 440 ||| READING scroll labelled NYEVIT LYES.
   441 | D:2      | 441 ||| READING scroll labelled KEANIGINTE.
   442 | D:2      | 442 ||| DROPPING scroll of revelation.
   500 | D:1      | Reached XP level 4. HP: 27/28 MP: 4/4
   620 | D:1      | 620 ||| Stepping ~*~*~tactically~*~*~ (hiding).
   621 | D:1      | 621 ||| Stepping ~*~*~tactically~*~*~ (hiding).
   623 | D:1      | 623 ||| Stepping ~*~*~tactically~*~*~ (hiding).
   624 | D:1      | 624 ||| Stepping ~*~*~tactically~*~*~ (hiding).
   625 | D:1      | 625 ||| Stepping ~*~*~tactically~*~*~ (hiding).
   626 | D:1      | 626 ||| Stepping ~*~*~tactically~*~*~ (hiding).
   627 | D:1      | 627 ||| Stepping ~*~*~tactically~*~*~ (hiding).
   703 | D:1      | Found Xen Xaer's Antique Armour Shoppe.
   712 | D:1      | 712 ||| SHOPLISTING glowing ring mail (175 gold, have 61).
   712 | D:1      | 712 ||| SHOPLISTING jewelled scarf (250 gold, have 61).
   712 | D:1      | 712 ||| SHOPLISTING runed scale mail (175 gold, have 61).
   764 | D:1      | Reached skill level 4 in Axes
   797 | D:1      | 797 ||| Stepping ~*~*~tactically~*~*~ (stealth).
   893 | D:1      | 893 ||| UPGRADING to +0 buckler of resistance.
   903 | D:1      | 903 ||| DROPPING +0 buckler.
   904 | D:1      | 904 ||| UPGRADING to amulet of faith.
   909 | D:1      | 909 ||| UPGRADING to ring of resist corrosion.
   910 | D:1      | 910 ||| READING scroll labelled SALLUR ETIPN.
  1163 | D:2      | Found a faded altar of an unknown god.
  1459 | D:2      | 1459 ||| DROPPING +0 whip.
  1505 | D:2      | 1505 ||| READING scroll labelled COMACI WACUBIL.
  1546 | D:3      | Found a transporter.
  1546 | D:3      | Noticed qw's ghost (amateur NaHu)
  1580 | D:3      | Found a transporter.
  1660 | D:3      | 1660 ||| Stepping ~*~*~tactically~*~*~ (stealth).
  1735 | D:3      | Found a sacrificial altar of Ru.
  1758 | D:3      | 1758 ||| Stepping ~*~*~tactically~*~*~ (stealth).
  1759 | D:3      | 1759 ||| Stepping ~*~*~tactically~*~*~ (stealth).
  1827 | D:3      | Noticed Terence
  1828 | D:3      | 1828 ||| Stepping ~*~*~tactically~*~*~ (stealth).
  1843 | D:3      | HP: 7/28 [Terence/+0 falchion (3)]
  1846 | D:3      | Slain by Terence

Levels and vault maps discovered:
D:1:      evilmike_arrival_plus, layout_rooms, serial_shops,
          nicolae_shop_tiny_waterfront
D:2:      layout_basic, nicolae_ecumenical_lake_church, minmay_misc_feat_iff,
          minmay_pentomino_t4
D:3:      layout_basic, nicolae_overflow_crystal_walls,
          overflow_temple_1_default, gammafunk_ghost_arena, uniq_terence

Skill      XL: |  1  2  3  4 |
---------------+-------------+-----
Axes           | 2 3 4 |  4.3
Fighting       | |  3.2
Armour         | |  3.2
Shields        | |  3.2

Action                     |  1- 3 |  4- 6 || total
---------------------------+-------+-------++-------
  Melee: War axe           |    59 |   112 ||   171
  Throw: Javelin           |       |     1 ||     1
    Use: Scroll            |     3 |     2 ||     5
 Armour: Scale mail        |    46 |    45 ||    91
  Dodge: Dodged            |    44 |    45 ||    89
  Block: Buckler           |    16 |    23 ||    39

Table legend:
 A = Non-vault XP
 B = Vault XP
 C = Vault XP percentage of total XP
 D = Non-vault monster count
 E = Vault monster count
 F = Vault count percentage of total count
                 A         B        C        D         E       F
            +---------+---------+-------+---------+---------+-------
      Total |     137 |       6 |   4.2 |      54 |       3 |   5.3
            +---------+---------+-------+---------+---------+-------
        D:1 |      38 |       0 |   0.0 |      21 |       0 |   0.0
        D:2 |      72 |       6 |   7.7 |      21 |       3 |  12.5
        D:3 |      27 |       0 |   0.0 |      12 |       0 |   0.0
            +---------+---------+-------+---------+---------+-------
